 Dungeon Crawl Stone Soup version 0.30-a0-722-g3e6e8c874d (webtiles) character file.

Game seed: 4769222551571661484

16 elagabalus the Cudgeller (level 2, 16/16 HPs)
             Began as a Vine Stalker Berserker on Jan 28, 2023.
             Was a Follower of Trog.
             Quit the game on level 2 of the Dungeon.
             The game lasted 00:03:42 (542 turns).

elagabalus the Cudgeller (Vine Stalker Berserker)    Turns: 542, Time: 00:03:42

Health: 16/16      AC:  5    Str: 19    XL:     2   Next: 58%
Magic:  3/3        EV: 11    Int:  7    God:    Trog [*.....]
Gold:   19         SH:  0    Dex: 13    Spells: 1/1 levels left

rFire   . . .      SeeInvis .    a - +0 mace
rCold   . . .      Faith    .    (no shield)
rNeg    . . .      Spirit   +    m - +0 ring mail
rPois   .          Reflect  .    (no helmet)
rElec   .          Harm     .    (no cloak)
rCorr   .          Rampage  .    (no gloves)
Will    .....                    (no boots)
Stlth   +                        (no amulet)
HPRegen 0.22/turn                (no ring)
MPRegen 0.08/turn                (no ring)

@: no status effects
A: fangs 2, magic shield, antimagic bite, no potion heal 2
a: Renounce Religion, Berserk


You were on level 2 of the Dungeon.
You worshipped Trog.
Trog was aware of your devotion.
You visited 1 branch of the dungeon, and saw 2 of its levels.

You collected 19 gold pieces.

Inventory:

Hand Weapons
 a - a +0 mace (weapon)
Armour
 m - a +0 ring mail (worn)
Scrolls
 b - a scroll of enchant armour {unknown}
 e - a scroll of fog {unknown}
 f - 3 scrolls of identify {unknown}
 h - a scroll of vulnerability {unknown}
 i - a scroll of poison {unknown}
 k - a scroll of amnesia {unknown}
 l - 2 scrolls of noise {unknown}
Potions
 c - 2 potions of cancellation {unknown}
 d - a potion of degeneration {unknown}
 g - 2 potions of lignification {unknown}
 j - a potion of curing {unknown}


   Skills:
 - Level 3.0 Fighting
 * Level 3.2 Maces & Flails
 - Level 1.5 Armour
 - Level 1.5 Dodging


You had one spell level left.
You didn't know any spells.
Your spell library was empty.

Dungeon Overview and Level Annotations

Branches:
Dungeon (2/15)

Altars:


Innate Abilities, Weirdness & Mutations

You have extremely sharp teeth.
When hurt, damage is shared between your health and your magic reserves.
Your bite disrupts and absorbs the magic of your enemies.
Potions cannot restore your health.


Message History

Found a scroll labelled JIQIYCUSIA.
l - a scroll labelled JIQIYCUSIA A kobold comes into view.
It is wielding a +0 whip.
An endoplasm comes into view.
The kobold shouts!
The endoplasm quivers.
You barely miss the kobold. The kobold closely misses you.
The kobold hits you but does no damage.
You hit the kobold.
You kill the kobold!
Trog accepts your kill.
You hit the endoplasm. You bite the endoplasm. You drain its power.
The endoplasm is heavily wounded.
The endoplasm freezes you.
You are frozen.
You thump the endoplasm!
You kill the endoplasm!
Trog accepts your kill.
Found a scroll labelled JOEVOKUTTU.
Found a red potion.
f - 3 scrolls labelled JOEVOKUTTU (gained 1)
c - 2 red potions (gained 1)
l - 2 scrolls labelled JIQIYCUSIA (gained 1)
You see here a +0 ring mail.
m - a +0 ring mail You start removing your armour.
You continue taking off your +0 animal skin. x4
You finish taking off your +0 animal skin.
You start putting on your armour.
You continue putting on your +0 ring mail. x5
You finish putting on your +0 ring mail.
You drop a +0 animal skin.
Found a club.
You see here a +0 trident.
There is a stone staircase leading down here.
You climb downwards.
Found a scroll labelled YTANWE DANIFE and 17 gold pieces.
There is a stone staircase leading up here.
b - a scroll labelled YTANWE DANIFE Are you sure you want to abandon this character and quit the game? (Confirm with "yes".)

#..$.....#
##......#.#
..........
......# #....#
######<...#
#.........####
.......###....#
##.#.#......@.#
.....#.#.#..^.#
..# #.#.#....#
... ... #....#
.. #.# #....#
.. #....# .#
#....# .....#


There were no monsters in sight!

Vanquished Creatures
  2 endoplasms (D:1)
  A giant cockroach (D:1)
  2 goblins (D:1)
  2 hobgoblins (D:1)
  2 kobolds (D:1)
  2 quokkas (D:1)
  A ball python (D:1)
  2 rats (D:1)
14 creatures vanquished.

Notes
Turn   | Place    | Note
-------+----------+-------------------------------------------
     0 | D:1      | elagabalus the Vine Stalker Berserker began the quest for
                  | the Orb.
     0 | D:1      | Reached XP level 1. HP: 11/11 MP: 2/2
    61 | D:1      | Reached XP level 2. HP: 10/16 MP: 1/3
   103 | D:1      | Found a faded altar of an unknown god.
   542 | D:2      | Quit the game

Illustrated notes

Levels and vault maps discovered:
D:1:      grunt_arrival_crossed_arrows, layout_rooms,
          hellmonk_ecumenical_altar_arch_garden, minmay_misc_feat_rugged
D:2:      layout_basic

Skill      XL: |  1  2 |
---------------+-------+-----
Maces & Flails | 3 |  3.2
Fighting       | 3 |  3.0
Armour         | |  1.5
Dodging        | |  1.5

Action                     || total
---------------------------++-------
  Melee: Mace              ||    31
         Bite              ||     1
 Invoke: Berserk           ||     1
   Stab: Sleeping          ||     1
 Armour: Animal skin       ||     7
  Dodge: Dodged            ||    11

Table legend: (Time is in decaauts)
 A = Elapsed time spent in this place.
 B = Non-inter-level travel time spent in this place.
 C = Inter-level travel time spent in this place.
 D = Time resting spent in this place.
 E = Time spent auto-exploring this place.
 F = Levels seen in this place.
 G = Mean time per level.
                   A        B        C        D        E       F      G
               +--------+--------+--------+--------+--------+-----+--------+
         Total |    560 |     98 |    462 |      0 |      0 |   2 |  280.0 |
       Dungeon |    560 |     98 |    462 |      0 |      0 |   2 |  280.0 |
               +--------+--------+--------+--------+--------+-----+--------+

Top non-repeatable levels by time:
     D:1: 552 daAuts
     D:2: 7 daAuts
